 Dungeon Crawl Stone Soup version 0.31-a0-1620-gcbf77bbcfc (webtiles) character file.

Game seed: 7556373317715189166

7671 theswoord the Cruncher (level 10, -2/73 HPs)
             Began as a Demonspawn Gladiator on Jan 12, 2024.
             Was a High Priest of Okawaru.
             Slain by a komodo dragon (23 damage)
             ... on level 1 of the Lair of Beasts.
             The game lasted 00:17:16 (10268 turns).

theswoord the Cruncher (Demonspawn Gladiator)      Turns: 10268, Time: 00:17:16

Health: -2/73      AC: 24    Str: 29    XL:     10   Next: 99%
Magic:  14/14      EV:  8    Int:  8    God:    Okawaru [*****.]
Gold:   1347       SH:  0    Dex: 17    Spells: 9/9 levels left

rFire   . . .        a - +1 quarterstaff
rCold   . . .        (shield currently unavailable)
rNeg    . . .        o - +1 plate armour
rPois   .            c - +0 helmet
rElec   .            (no cloak)
rCorr   .            (no gloves)
SInv    .            x - +0 pair of boots
Will    .....        (no amulet) Stlth
                     f - +6 ring of strength
HPRegen 0.32/turn    k - +6 ring of strength
MPRegen 0.14/turn

%: no passive effects
@: sanguine armoured
A: foul stench 1, sanguine armour 2
a: Renounce Religion, Heroism, Finesse, Duel


You were on level 1 of the Lair of Beasts.
You worshipped Okawaru.
Okawaru was extremely pleased with you.
You visited 3 branches of the dungeon, and saw 10 of its levels.

You collected 1347 gold pieces.

Inventory:

Hand Weapons
 a - a +1 quarterstaff (weapon)
Missiles
 d - 3 throwing nets (quivered)
 e - a javelin
 r - 3 silver javelins
Armour
 b - a +0 leather armour
 c - a +0 helmet (worn)
 o - a +1 plate armour (worn)
 x - a +0 pair of boots (worn)
Jewellery
 f - a +6 ring of strength (left hand)
 k - a +6 ring of strength (right hand)
 n - a ring of resist corrosion
Wands
 A - a wand of mindburst (3)
Scrolls
 g - 2 scrolls of fear
 j - a scroll of identify
 l - 4 scrolls of amnesia
 q - 2 scrolls of vulnerability
 s - a scroll of noise
 v - a scroll of fog
 w - a scroll of revelation
 y - a scroll of teleportation
 D - a scroll of enchant weapon
Potions
 h - 3 potions of resistance
 i - a potion of invisibility
 m - 3 potions of might
 p - 2 potions of enlightenment
 t - a potion of haste
 u - a potion of berserk rage
 z - a potion of attraction
 B - a potion of lignification
 C - a potion of degeneration {unknown}
 E - a potion of mutation


   Skills:
 + Level 4.9 Fighting
 - Level 14.0 Staves
 - Level 1.7 Throwing
 + Level 3.8 Armour
 - Level 2.6 Dodging
 + Level 5.6 Invocations


You had 9 spell levels left.
You didn't know any spells.
Your spell library was empty.

Dungeon Overview and Level Annotations

Branches:
Dungeon (8/15)             Temple (1/1) D:4            Lair (1/5) D:8

Altars:
Ashenzari
Cheibriados
Dithmenos
Fedhas
Gozag
Kikubaaqudgha
Makhleb
Nemelex Xobeh
Okawaru
Qazlal
Ru
Sif Muna
Trog
Uskayaw
Vehumet
Wu Jian
Xom
Yredelemnul

Shops:
D:2 ?*(*:

Annotations:
D:6 1 runed translucent door, Pim's ghost, novice OpIE
Lair:1 Amaemon


Innate Abilities, Weirdness & Mutations

You may rarely emit foul miasma when damaged in melee.
When seriously injured, your blood forms thick armour. (AC +9)


Message History

You sock the blink frog!
The blink frog blinks!
You hit the blink frog.
The blink frog blinks!
You thump the blink frog! The blink frog hits you.
You barely miss the blink frog. The blink frog hits you!
You emit a cloud of foul miasma!
You closely miss the blink frog.
The blink frog is engulfed in dark miasma.
The blink frog is poisoned.
The blink frog seems to slow down.
The blink frog closely misses you. The komodo dragon bites you!!
Your blood congeals into armour.
You closely miss the blink frog.
The blink frog is no longer moving slowly.
You thump the blink frog!
You kill the blink frog!
Okawaru accepts your kill.
The komodo dragon bites you but does no damage.
You hit the komodo dragon but do no damage.
You closely miss the komodo dragon.
The komodo dragon bites you but does no damage.
Unknown command.
You hit the komodo dragon but do no damage.
The komodo dragon bites you but does no damage.
You closely miss the komodo dragon. You hit the komodo dragon.
The komodo dragon completely misses you.
Unknown command.
You hit the komodo dragon. You hit the komodo dragon.
The komodo dragon bites you but does no damage.
You barely miss the komodo dragon. The komodo dragon bites you!
* * * LOW HITPOINT WARNING * * *
You barely miss the komodo dragon. You completely miss the komodo dragon.
The komodo dragon bites you!
* * * LOW HITPOINT WARNING * * *
You emit a cloud of foul miasma!
You hit the komodo dragon. You hit the komodo dragon.
The komodo dragon is engulfed in dark miasma.
The komodo dragon is poisoned.
The komodo dragon bites you!!
You die...

##.....#...#....##......##
#.##............###.......
#..##.........### ##......
####...#.........#####.#.....
.........##...###............
............⌠................
............#................
............................)
...........l@°..............[
####.....############ ##.....
#.....# #.....# #.....#
#..l..# #.....## #......# ###
#.....##


You could see a komodo dragon (poisoned).

Vanquished Creatures
  An oklob plant (Lair:1)
  A black mamba (Lair:1)
  4 cane toads
  10 blink frogs (Lair:1)
  A basilisk (Lair:1)
  A wyvern (Lair:1)
  2 steam dragons
  4 water moccasins
  2 ice beasts
  A black bear (D:6)
  An orc warrior (D:6)
  2 centaurs
  2 ogres (D:6)
  A phantom (D:4)
  A kobold brigand (D:6)
  4 bullfrogs
  3 scorpions
  17 wights
  4 killer bees
  2 howler monkeys
  4 bombardier beetles
  3 hounds
  2 jellies
  An orc priest (D:7)
  2 sleepcaps
  3 iguanas
  Ijyb (D:3)
  3 adders
  A shadow imp (D:5)
  2 white imps (D:7)
  10 dart slugs
  A ribbon worm (D:2)
  18 orcs
  5 endoplasms
  4 giant cockroaches
  9 goblins
  6 hobgoblins
  8 jackals
  3 quokkas
  8 ball pythons
  10 bats
  6 frilled lizards
  12 kobolds
  A rat (D:1)
187 creatures vanquished.

Notes
Turn   | Place    | Note
-------+----------+-------------------------------------------
     0 | D:1      | theswoord the Demonspawn Gladiator began the quest for the
                  | Orb.
     0 | D:1      | Reached XP level 1. HP: 16/16 MP: 1/1
    98 | D:1      | Reached skill level 3 in Staves
   108 | D:1      | You fall into a shaft and drop 1 floor!
   176 | D:2      | Found Weofer's General Store.
   191 | D:2      | Gained mutation: You may rarely emit foul miasma when
                  | damaged in melee. [demonic ancestry]
   191 | D:2      | Reached XP level 2. HP: 17/22 MP: 2/2
  1029 | D:2      | Gained mutation: When seriously injured, your blood forms
                  | armour. (AC +9) [demonic ancestry]
  1029 | D:2      | Reached XP level 3. HP: 27/27 MP: 3/3
  1053 | D:2      | Found Syugis's Weapon Emporium.
  1089 | D:2      | Reached skill level 4 in Staves
  1129 | D:2      | Found a faded altar of an unknown god.
  1204 | D:2      | Found Xanizos's Book Emporium.
  1222 | D:2      | Found Gumasaj's Assorted Antiques.
  1401 | D:2      | Found Xaungi's Magic Scroll Shoppe.
  1729 | D:3      | Gained mutation: When seriously injured, your blood forms
                  | thick armour. (AC +9) [demonic ancestry]
  1729 | D:3      | Reached XP level 4. HP: 33/33 MP: 4/4
  1810 | D:3      | Identified the +4 leather armour of Logigisa {rC+++ Int+4
                  | Dex-3 Stlth+}
  2345 | D:3      | Noticed Ijyb
  2367 | D:3      | Killed Ijyb
  2690 | D:3      | Reached skill level 5 in Staves
  2783 | D:4      | Noticed a phantom
  2917 | D:4      | Reached XP level 5. HP: 30/38 MP: 5/5
  2973 | D:4      | Killed a phantom
  2974 | D:4      | Reached skill level 6 in Staves
  3067 | D:4      | Reached XP level 6. HP: 44/44 MP: 6/6
  3576 | D:4      | Found a staircase to the Ecumenical Temple.
  3590 | Temple   | Entered the Ecumenical Temple
  3604 | Temple   | Became a worshipper of Warmaster Okawaru
  3864 | D:5      | Entered Level 5 of the Dungeon
  3878 | D:5      | Reached skill level 7 in Staves
  3878 | D:5      | Noticed an ice beast
  3894 | D:5      | Killed an ice beast
  3895 | D:5      | Reached XP level 7. HP: 29/50 MP: 7/7
  4102 | D:5      | Found an ancient bone altar of Kikubaaqudgha.
  4181 | D:5      | Reached * piety under Okawaru
  4301 | D:5      | Reached skill level 8 in Staves
  4726 | D:6      | Reached skill level 9 in Staves
  4726 | D:6      | Reached XP level 8. HP: 30/56 MP: 8/8
  5105 | D:6      | Reached ** piety under Okawaru
  5214 | D:6      | Found a runed translucent door.
  5219 | D:6      | Noticed Pim's ghost (novice OpIE)
  5437 | D:6      | Reached skill level 10 in Staves
  5984 | D:7      | Reached *** piety under Okawaru
  6157 | D:7      | Reached skill level 11 in Staves
  6368 | D:7      | Reached XP level 9. HP: 32/60 MP: 9/9
  7530 | D:7      | Reached skill level 12 in Staves
  7811 | D:7      | Found a burning altar of Makhleb.
  8073 | D:8      | Reached **** piety under Okawaru
  8341 | D:8      | Identified a scroll of acquirement
  8341 | D:8      | Acquired 777 gold pieces
  8712 | D:8      | Found an opulent altar of Gozag.
  8721 | D:8      | Found a staircase to the Lair.
  8846 | D:8      | Reached skill level 13 in Staves
  9121 | Lair:1   | Entered Level 1 of the Lair of Beasts
  9121 | Lair:1   | Noticed an oklob plant
  9156 | Lair:1   | Killed an oklob plant
  9157 | Lair:1   | Reached XP level 10. HP: 22/67 MP: 10/10
  9191 | Lair:1   | Noticed a black mamba
  9202 | Lair:1   | Killed a black mamba
  9202 | Lair:1   | Reached ***** piety under Okawaru
  9408 | Lair:1   | Noticed a cane toad
  9419 | Lair:1   | Killed a cane toad
  9420 | Lair:1   | Reached skill level 1 in Invocations
  9502 | Lair:1   | Noticed a cane toad
  9507 | Lair:1   | Reached skill level 1 in Armour
  9507 | Lair:1   | Noticed a cane toad
  9521 | Lair:1   | Killed a cane toad
  9522 | Lair:1   | Killed a cane toad
  9532 | Lair:1   | Received a gift from Okawaru
  9533 | Lair:1   | Reached skill level 14 in Staves
  9739 | Lair:1   | Noticed a cane toad
  9893 | D:8      | Killed a cane toad
  9973 | Lair:1   | Reached skill level 5 in Invocations
 10228 | Lair:1   | Noticed Amaemon
 10268 | Lair:1   | Slain by a komodo dragon

Skill      XL: |  1  2  3  4  5  6  7  8  9 10 |
---------------+-------------------------------+-----
Staves         | 3 4 5 6 7 9 11 13 14 | 14.0
Invocations    | 5 |  5.6
Armour         | 3 |  3.8
Fighting       | 4 |  4.9
Throwing       | |  1.7
Dodging        | |  2.6

Action                     |  1- 3 |  4- 6 |  7- 9 | 10-12 || total
---------------------------+-------+-------+-------+-------++-------
  Melee: Quarterstaff      |   148 |   170 |   360 |   130 ||   808
  Throw: Throwing net      |       |     3 |     2 |     1 ||     6
 Invoke: Heroism           |       |       |       |     1 ||     1
    Use: Scroll            |     8 |     8 |     6 |     1 ||    23
         Potion            |       |     1 |     3 |     3 ||     7
   Stab: Sleeping          |     2 |       |       |       ||     2
         Held in net/web   |       |     1 |     3 |       ||     4
         Invisible         |       |       |       |    12 ||    12
 Armour: Leather armour    |    23 |       |       |       ||    23
         Plate armour      |    87 |   147 |   291 |    90 ||   615
         Skin              |       |       |    26 |       ||    26
  Dodge: Dodged            |    67 |    67 |   121 |    41 ||   296

Levels and vault maps discovered:
D:1:      eino_arrival_water_cross, layout_basic, serial_co_window_serial,
          co_window_paths_b, co_window_paths_a, co_window_of_opportunity_a,
          co_window_corner_a, co_window_corner_a, co_window_paths_c,
          co_window_cross_2, co_window_unsneaky_path_b, co_window_paths_c,
          co_window_corner_b, co_window_corner_b, co_window_broadway_a,
          co_window_4corner_b, glass_columns_b, glass_columns_c,
          glass_columns_c, glass_columns_c, glass_columns_b
D:2:      layout_loops_ring, hellmonk_ecumenical_altar_crossroads, serial_shops,
          shop, shop_scrolls, shop, nicolae_shop_window_shopping,
          shop_fountains, hangedman_decor_riveting, grunt_ministairs_4
D:3:      layout_basic, serial_glass, glass_columns_b, glass_columns_a,
          glass_columns_b, glass_columns_b, st_stairs_6, minivault_25, uniq_ijyb
D:4:      kennysheep_slugbush, layout_basic, minmay_temple_entry_metal_lava
D:5:      layout_basic, kiku_gazebo_pond_becter
D:6:      layout_basic, ebering_ghost_reflecting_pool,
          minmay_misc_feat_nine_boxes, hangedman_decor_push,
          chequers_serial_rivers_small_b, hangedman_abyss_or_decor_lesser_grid
D:7:      layout_rooms, overflow_temple_1_default
D:8:      layout_loops_cross, nicolae_gozag_seed_capital, lair_entry_dummy
Temple:   nicolae_temple_bog_church
Lair:1:   gammafunk_boulding_lane, layout_hall_layers, dpeg_stationary_puzzle,
          grunt_megastairs_5, uniq_maggie, uniq_amaemon, uniq_gastronok
